 Dungeon Crawl Stone Soup version 0.21-a0-278-ga722497 (webtiles) character file.

357 namelastname112 the Ducker (level 6, -1/27 HPs)
             Began as a Felid Artificer on Sept 21, 2017.
             Was an Initiate of Uskayaw.
             Slain by a worker ant (3 damage)
             ... on level 5 of the Dungeon.
             The game lasted 00:09:22 (5662 turns).

namelastname112 the Ducker (Felid Artificer)        Turns: 5662, Time: 00:09:22

Health: -1/27      AC:  2    Str:  8    XL:     6   Next: 36%
Magic:  10/10      EV: 21    Int: 13    God:    Uskayaw [......]
Gold:   111        SH:  0    Dex: 18    Spells: 5/5 levels left
                                        Lives:  0   Deaths: 1

rFire    . . .     SeeInvis +     - Unarmed
rCold    . . .     Gourm    .   (shield unavailable)
rNeg     . . .     Faith    .   (armour unavailable)
rPois    +         Spirit   .   (helmet unavailable)
rElec    .         Reflect  .   (cloak unavailable)
rCorr    .         Harm     .   (gloves unavailable)
MR       .....                  (boots unavailable)
Stlth    +++.......             (no amulet)
HPRegen  0.09/turn              i - ring of poison resistance
MPRegen  0.12/turn              (no ring)

@: quick
A: no armour, no weapons or thrown items, stealth, claws 1, fangs 3, see
invisible, carnivore 3, speed 1, shaggy fur 2, slow metabolism 1, sharp paws
a: Renounce Religion


You were on level 5 of the Dungeon.
You worshipped Uskayaw.
Uskayaw was noncommittal.
You were not hungry.

You visited 1 branch of the dungeon, and saw 5 of its levels.

You collected 111 gold pieces.

Inventory:

Jewellery
 i - a ring of poison resistance (left paw)
Wands
 a - a wand of flame (7/48)
 b - a wand of enslavement (13/24)
 c - a wand of random effects (11/48)
Scrolls
 g - a scroll of identify
 h - 3 scrolls of remove curse
Potions
 e - a potion of might
 j - a potion of magic
 k - a potion of flight
 m - 3 potions of agility
 n - a potion of degeneration {unknown}
Comestibles
 d - 3 meat rations
 f - a royal jelly


   Skills:
 + Level 2.8 Fighting
 + Level 5.1 Dodging
 + Level 3.7 Stealth
 * Level 3.3 Unarmed Combat
 + Level 1.9 Invocations
 + Level 4.5 Evocations


You had 5 spell levels left.
You didn't know any spells.

Dungeon Overview and Level Annotations

Branches:
Dungeon (5/15)
 Temple: D:4-7

Altars:
Cheibriados
Fedhas
Gozag
Hepliaklqana
Trog
Uskayaw

Annotations:
D:4 Edmund; tidbits's ghost, amateur DgTm


Innate Abilities, Weirdness & Mutations

You cannot wear armour.
You are incapable of wielding weapons or throwing items.
Your paws allow you to move quietly. (Stealth)
You have sharp claws.
You have razor-sharp teeth.
You have supernaturally acute eyesight. (SInv)
You are carnivorous and can eat meat at any time.
You cover ground quickly.
You are covered in thick fur. (AC +2)
You have a slow metabolism.
Your sharp claws are effective at attacking unaware monsters.


Message History

r - Retreat! s - Stop attacking. g - Guard the area. f - Follow me.
Anything else - Cancel.
Retreat in which direction?
Press: ? - help, Dir - move target cursor, p - worker ant Fall back!
MP restored: 10
Found a stone staircase leading down.
You start resting.
You hear the rapid hiss of a distant avalanche of sand.
You regained 2 hp, and now have 6/27 hp.
You start resting.
The worker ant is no longer charmed.
The worker ant completely misses you.
You scratch the worker ant but do no damage.
You bite the worker ant, but do no damage.
The worker ant is severely wounded.
The worker ant bites you.
* * * LOW HITPOINT WARNING * * *
The worker ant bites you.
You die...

........####..# ##...
..........##....# ##..#.
.............#..###.....
..........#.##.........#
........#..........###
..................##
##..##.##........#
#.#a.#########.####
#.@.## #...†. #####
######


You could see a worker ant.

Vanquished Creatures
  A howler monkey (D:4)
  A crimson imp (D:5)
  A hound (D:5)
  2 orc wizards (D:4)
  An orc priest (D:4)
  A centaur skeleton (D:5)
  Jessica (D:2)
  Robin (D:3)
  9 adders
  A shadow imp (D:5)
  An ooze (D:4)
  An adder skeleton (D:5)
  2 worms
  3 dart slugs
  A leopard gecko (D:3)
  9 orcs
  11 goblins
  9 hobgoblins
  5 jackals
  3 ball pythons
  4 bats
  5 frilled lizards
  4 kobolds
  A leopard gecko zombie (D:5)
  6 rats
84 creatures vanquished.

Vanquished Creatures (collateral kills)
  2 jackals (D:5)
2 creatures vanquished.

Vanquished Creatures (others)
  A bullfrog zombie (D:5)
1 creature vanquished.

Grand Total: 87 creatures vanquished

Notes
Turn   | Place    | Note
-------+----------+-------------------------------------------
     0 | D:1      | namelastname112 the Felid Artificer began the quest for the Orb.
     0 | D:1      | Reached XP level 1. HP: 9/9 MP: 4/4
   679 | D:1      | Reached skill level 3 in Dodging
   924 | D:1      | Reached XP level 2. HP: 12/12 MP: 5/5
  1074 | D:2      | You fall through a shaft!
  1528 | D:3      | Found a blossoming altar of Fedhas.
  1537 | D:3      | Found an opulent altar of Gozag.
  1550 | D:3      | Reached XP level 3. HP: 15/15 MP: 6/6
  1631 | D:2      | Noticed Jessica
  1641 | D:2      | Killed Jessica
  1666 | D:2      | Reached XP level 4. HP: 19/19 MP: 7/7
  2445 | D:2      | Found a hazy altar of Hepliaklqana.
  2506 | D:3      | Reached skill level 4 in Dodging
  2720 | D:3      | Found a hide-covered altar of Uskayaw.
  2809 | D:3      | Became a worshipper of Uskayaw the Reveler
  2909 | D:3      | Noticed Robin
  2955 | D:3      | Reached * piety under Uskayaw
  3083 | D:3      | Reached ** piety under Uskayaw
  3200 | D:3      | Killed Robin
  3204 | D:3      | Reached *** piety under Uskayaw
  3393 | D:3      | Reached XP level 5. HP: 9/22 MP: 9/9
  3804 | D:3      | Found a snail-covered altar of Cheibriados.
  3823 | D:3      | vatarom: keeseekee
  3871 | D:4      | vatarom: keeseekee
  3871 | D:4      | namelastname112: da
  3894 | D:4      | vatarom: к и с и к и
  4597 | D:4      | Killed from afar by an orc priest
  4598 | D:4      | Reached XP level 4. HP: -1/20 MP: 8/8
  4606 | D:4      | Reached skill level 1 in Invocations
  4606 | D:4      | Reached XP level 5. HP: 17/23 MP: 9/9
  4621 | D:4      | Reached **** piety under Uskayaw
  4629 | D:4      | HP: 1/34 [poisoned by an adder]
  4639 | D:4      | vatarom: го 15 рун
  4666 | D:4      | vatarom: ??felid
  4666 | D:4      | beem: felid[1/9]: A cat race that can't use armour, weapons, or throw anything. They gain {extra lives} as they level up. They have claws (lvl 1: +2 dam), fangs, and fur. They cover ground quickly, see invisible, are carnivorous and have slow metabolism. Their claws also act like short blades for stabbing purposes.
  4667 | D:4      | Noticed tidbits's ghost (amateur DgTm)
  4690 | D:4      | vatarom: кстати
  4710 | D:3      | vatarom: как этого бота к себе позвать?
  4964 | D:3      | namelastname112: !beem subscribe
  4964 | D:3      | beem: Usage: !bothelp
  4964 | D:3      | namelastname112: !subscribe
  4964 | D:3      | beem: User namelastname112 is already subscribed
  4964 | D:3      | namelastname112: во
  4974 | D:3      | vatarom: !subscribe
  4974 | D:3      | beem: Subscribed. I will now watch all games of user vatarom
  4974 | D:3      | vatarom: заебись
  4976 | D:3      | vatarom: !bothelp
  4976 | D:3      | beem: I'm a bot that sends commands to the DCSS IRC knowledge bots. For details, see https://github.com/gammafunk/beem/blob/master/docs/commands.md and to have me watch your games on this server, type: !subscribe
  5060 | D:4      | Noticed Edmund
  5065 | D:5      | Entered Level 5 of the Dungeon
  5087 | D:5      | Noticed a centaur
  5088 | D:5      | Noticed a phantom
  5098 | D:5      | HP: 1/23 [crimson imp (1)]
  5102 | D:5      | Gained mutation: You are covered in thick fur. (AC +2) [Felid growth]
  5102 | D:5      | Reached XP level 6. HP: 12/27 MP: 1/10
  5115 | D:5      | Found a bloodstained altar of Trog.
  5436 | D:5      | Reached skill level 5 in Dodging
  5592 | D:5      | HP: 1/27 [worker ant (6)]
  5662 | D:5      | Slain by a worker ant

Vault maps used:
D:1:      minmay_arrival_semitransparent, minmay_distorted
D:2:      lemuel_coloured_pillars_altar, first_bread, uniq_jessica
D:3:      kennysheep_slug_shrine, old_standard_altar,
          nicolae_overflow_hidden_temple, lemuel_crystal_altar, uniq_robin
D:4:      sigmund_edmund_badplayer
D:5:      bloody_trog, nicolae_ossuary_entry_ruins, uniq_menkaure

Skill      XL: |  1  2  3  4  5  6 |
---------------+-------------------+-----
Dodging        | 3 4 5 |  5.1
Stealth        | 2 3 |  3.7
Evocations     | 4 |  4.5
Fighting       | 2 |  2.8
Unarmed Combat | 2 3 |  3.3
Invocations    | 1 |  1.9

Action                   |  1- 3 |  4- 6 || total
-------------------------+-------+-------++-------
Melee: Unarmed           |    69 |   287 ||   356
       Bite              |     8 |    29 ||    37
       Punch             |     1 |     5 ||     6
Invok: Stomp             |       |     4 ||     4
       Line Pass         |       |     1 ||     1
Evoke: Wand              |     4 |    10 ||    14
  Use: Potion            |       |     6 ||     6
       Scroll            |       |    10 ||    10
 Stab: Sleeping          |     4 |     6 ||    10
       Paralysed         |       |     1 ||     1
       Confused          |       |     1 ||     1
  Eat: Chunk             |     9 |     9 ||    18
Armor: Skin              |     4 |    24 ||    28
Dodge: Dodged            |    70 |   240 ||   310

Table legend:
 A = Spawn XP
 B = Non-spawn XP
 C = Spawn XP percentage of total XP
 D = Spawn monster count
 E = Non-spawn monster count
 F = Spawn count percentage of total count
 G = Total turns spent on level
                    A         B        C        D         E        F      G
               +---------+---------+-------+---------+---------+-------+---------
         Total |       0 |     657 |   0.0 |       0 |      87 |   0.0 |  5662
               +---------+---------+-------+---------+---------+-------+---------
           D:1 |       0 |      17 |   0.0 |       0 |      10 |   0.0 |  1052
           D:2 |       0 |      77 |   0.0 |       0 |      15 |   0.0 |   913
           D:3 |       0 |     125 |   0.0 |       0 |      34 |   0.0 |  2657
           D:4 |       0 |     242 |   0.0 |       0 |      16 |   0.0 |   696
           D:5 |       0 |     196 |   0.0 |       0 |      12 |   0.0 |   344
               +---------+---------+-------+---------+---------+-------+---------
